 Dungeon Crawl Stone Soup version 0.26.1-10-gdfb7c7de75 (webtiles) character file.

Game seed: 6074268147247697143

147 ytrimaz the Chopper (level 5, -2/46 (47) HPs)
             Began as a Hill Orc Fighter on Apr 3, 2021.
             Killed from afar by an orc wizard (8 damage)
             ... with a puff of flame
             ... on level 4 of the Dungeon.
             The game lasted 00:04:53 (3152 turns).

ytrimaz the Chopper (Hill Orc Fighter)              Turns: 3152, Time: 00:04:53

HP:   -2/46 (47)    AC:  6    Str: 20    XL:     5   Next: 29%
MP:   5/5           EV:  7    Int:  8    God:
Gold: 175           SH:  9    Dex: 10    Spells: 4/4 levels left

rFire    . . .     SeeInvis .   a - +0 war axe
rCold    . . .     Faith    .   c - +0 kite shield
rNeg     . . .     Spirit   .   b - +0 scale mail
rPois    .         Reflect  .   (no helmet)
rElec    .         Harm     .   (no cloak)
rCorr    .         Rampage  .   (no gloves)
Will     .....                  (no boots)
Stlth    ..........             (no amulet)
HPRegen  0.15/turn              (no ring)
MPRegen  0.09/turn              (no ring)

@: mighty, lethally poisoned (-2 -> -5), lightly drained
A: no striking features
a: no special abilities


You were on level 4 of the Dungeon.
You visited 1 branch of the dungeon, and saw 4 of its levels.

You collected 175 gold pieces.

Inventory:

Hand Weapons
 a - a +0 war axe (weapon)
Armour
 b - a +0 scale mail (worn)
 c - a +0 kite shield (worn)
Wands
 s - a wand of random effects (7)
Scrolls
 h - 4 scrolls of remove curse
 j - a scroll of immolation {unknown}
 n - 2 scrolls of enchant weapon {unknown}
 o - a scroll of amnesia
 p - a scroll of enchant armour {unknown}
 q - 4 scrolls of identify {unknown}
 t - a scroll of magic mapping {unknown}
Potions
 e - a potion of haste {unknown}
 f - a potion of magic {unknown}
 g - a potion of curing
 i - a potion of flight
 k - a potion of brilliance
 l - a potion of berserk rage {unknown}
 m - 2 potions of attraction {unknown}
 r - a potion of degeneration {unknown}
 u - a potion of cancellation {unknown}


   Skills:
 + Level 4.4 Fighting
 * Level 5.7 Axes
 - Level 3.2 Armour
 + Level 4.1 Shields


You had 4 spell levels left.
You didn't know any spells.
Your spell library was empty.

Dungeon Overview and Level Annotations

Branches:
Dungeon (4/15)
 Temple: D:4-7

Altars:
Dithmenos
Nemelex Xobeh
Yredelemnul
The Shining One


Message History

The ogre hits you with a +0 giant club!
* * * LOW HITPOINT WARNING * * *
The worker ant bites you.
* * * LOW HITPOINT WARNING * * *
You are more poisoned.
The worker ant poisons you!
You feel better. The orc wizard closely misses you. The worker ant bites you.
* * * LOW HITPOINT WARNING * * *
You are poisoned.
The worker ant poisons you!
Unknown command.
You feel sick. The ogre hits you with a +0 giant club.
* * * LOW HITPOINT WARNING * * *
You block the orc wizard's attack.
Items here: )) [[ †.
Unknown command.
You feel sick.
The orc wizard gestures at you while chanting.
The puff of flame hits you!
You die...

.... .... .. ...
.... ..####.B
.....#. ....
.....#. #.. ..
....).##.## ...#
.......#oB#.....
#..†)O<....#
##<@......#..
......>........#
#.....>.........#
#....!..........#
..................
..................
.................
.#...##.....###.


You could see an ogre, a worker ant and an orc wizard.

Vanquished Creatures
  Robin (D:3)
  3 adders
  2 oozes
  An adder skeleton (D:2)
  2 worms
  4 dart slugs
  A leopard gecko (D:1)
  3 orcs (D:4)
  9 bats
  2 giant cockroaches
  9 hobgoblins
  7 jackals
  7 kobolds
  A ball python (D:2)
  6 frilled lizards
  10 goblins
  A leopard gecko skeleton (D:3)
  7 rats
76 creatures vanquished.

Vanquished Creatures (others)
  An orc (D:4)
1 creature vanquished.

Grand Total: 77 creatures vanquished

Notes
Turn   | Place    | Note
-------+----------+-------------------------------------------
     0 | D:1      | ytrimaz the Hill Orc Fighter began the quest for the Orb.
     0 | D:1      | Reached XP level 1. HP: 19/19 MP: 1/1
    59 | D:1      | Reached skill level 3 in Axes
    59 | D:1      | Reached XP level 2. HP: 18/27 MP: 2/2
   344 | D:1      | Reached XP level 3. HP: 33/33 MP: 3/3
   718 | D:1      | Found a glowing golden altar of the Shining One.
   982 | D:2      | Reached skill level 4 in Axes
  1171 | D:2      | Reached XP level 4. HP: 28/40 MP: 4/4
  1995 | D:2      | Found a sparkling altar of Nemelex Xobeh.
  2233 | D:3      | Reached skill level 5 in Axes
  2368 | D:3      | Noticed Robin
  2383 | D:3      | Killed Robin
  2384 | D:3      | Reached XP level 5. HP: 32/47 MP: 5/5
  2631 | D:3      | Found a basalt altar of Yredelemnul.
  3075 | D:3      | Found a shadowy altar of Dithmenos.
  3139 | D:4      | Noticed an ogre
  3152 | D:4      | Killed from afar by an orc wizard

Illustrated notes

Levels and vault maps discovered:
D:1:      heliophobic_arrival_glass_houses, layout_basic,
          chequers_serial_rivers_room_b, tso_metal_star
D:2:      layout_loops_ring, lemuel_tele_altar
D:3:      layout_basic, lemuel_coloured_pillars_altar, old_standard_altar,
          minmay_starry_boxes, uniq_robin
D:4:      layout_cave_pools, general_overflow_altar, roderic_filled_cross,
          nicolae_dithmenos_the_darkroom

Skill      XL: |  1  2  3  4 |
---------------+-------------+-----
Axes           | 3 4 5 |  5.7
Fighting       | 4 |  4.4
Shields        | 4 |  4.1
Armour         | |  3.2

Action                   |  1- 3 |  4- 6 || total
-------------------------+-------+-------++-------
Melee: War axe           |    75 |   120 ||   195
  Use: Scroll            |       |     4 ||     4
       Potion            |       |     6 ||     6
Armor: Scale mail        |    35 |    65 ||   100
Dodge: Dodged            |    30 |    40 ||    70
Block: Kite shield       |    56 |    77 ||   133
